 Dungeon Crawl Stone Soup version 0.30-a0-626-gd6a5dd7a1f (webtiles) character file.

Game seed: 18298030583588766769

1040 porpoise the Chopper (level 8, -5/59 (63) HPs)
             Began as a Demonspawn Gladiator on Jan 12, 2023.
             Was an Initiate of Qazlal.
             Slain by a wight
             ... wielding a +4 dire flail of freezing
              (8 damage)
             ... on level 6 of the Dungeon.
             The game lasted 00:15:21 (5485 turns).

porpoise the Chopper (Demonspawn Gladiator)         Turns: 5485, Time: 00:15:22

HP:   -5/59 (63)    AC:  9    Str: 16    XL:     8   Next: 4%
MP:   8/8           EV: 15    Int: 10    God:    Qazlal [......]
Gold: 40            SH:  0    Dex: 15    Spells: 7/7 levels left

rFire   + . .      SeeInvis .    a - +0 war axe
rCold   . . .      Faith    .    (no shield)
rNeg    . . .      Spirit   .    q - +1 scale mail {rPois}
rPois   +          Reflect  .    c - +0 helmet
rElec   .          Harm     .    (no cloak)
rCorr   .          Rampage  .    (no gloves)
Will    .....                    (no boots) Stlth
                                 (no amulet)
HPRegen 0.29/turn                F - ring of protection from fire
MPRegen 0.22/turn                (no ring)

@: mighty, agile, studying Armour, drained
A: rugged brown scales 1, powered by pain 1, magic regeneration
a: Renounce Religion


You were on level 6 of the Dungeon.
You worshipped Qazlal.
Qazlal was noncommittal.
You visited 2 branches of the dungeon, and saw 7 of its levels.

You collected 265 gold pieces.
You spent 225 gold pieces at shops.

Inventory:

Hand Weapons
 a - a +0 war axe (weapon)
 b - the +9 sling of Gozag's Regard {freeze, Int+2}
   (You found it on level 3 of the Dungeon)

   Int:       It affects your intelligence (+2).
 s - a +0 dagger of draining
 w - a +5 flail of protection
Missiles
 d - a throwing net (quivered)
 e - 7 javelins
 j - 4 poisoned darts
Armour
 c - a +0 helmet (worn)
 q - a +1 scale mail of poison resistance (worn)
 x - a +0 leather armour
Jewellery
 o - a ring of magical power
 F - a ring of protection from fire (left hand)
Wands
 D - a wand of mindburst (28)
Scrolls
 f - 2 scrolls of silence
 g - a scroll of noise {unknown}
 m - a scroll of fog
 t - a scroll of immolation {unknown}
 u - a scroll of poison {unknown}
 y - 2 scrolls of teleportation
 C - a scroll of acquirement {unknown}
 E - a scroll of magic mapping {unknown}
 G - a scroll of butterflies {unknown}
Potions
 h - a potion of ambrosia {unknown}
 i - 5 potions of curing
 k - 2 potions of magic
 l - a potion of haste {unknown}
 n - 2 potions of attraction {unknown}
 p - 3 potions of heal wounds {unknown}
 r - a potion of flight {unknown}
 v - 3 potions of mutation
 z - 2 potions of degeneration {unknown}
 A - 2 potions of might
 B - 2 potions of brilliance {unknown}


   Skills:
 - Level 5.0 Fighting
 + Level 7.2 Axes
 - Level 1.7 Throwing
 + Level 2.9 Armour
 + Level 3.5 Dodging


You had 7 spell levels left.
You didn't know any spells.
Your spell library contained the following spells:

 Spells                   Type           Power      Damage    Failure   Level
 Necrotise                Necr           0%         1d4       80%         1
 Shock                    Conj/Air       0%         1d3       80%         1
 Summon Guardian Golem    Hex/Summ       0%         N/A       99%         3
 Swiftness                Air            0%         N/A       99%         3
 Vampiric Draining        Necr           0%         2d6       99%         3
 Airstrike                Air            0%         2d(0-16)  100%        4
 Agony                    Necr           0%         N/A       100%        5
 Summon Forest            Summ/Tloc      0%         N/A       100%        5
 Eringya's Noxious Bog    Tmut/Pois      0%         N/A       100%        6
 Orb of Destruction       Conj           0%         9d5       100%        7
 Spellforged Servitor     Conj/Summ      0%         N/A       100%        7
 Summon Hydra             Summ           0%         N/A       100%        7


Dungeon Overview and Level Annotations

Branches:
Dungeon (6/15)             Temple (1/1) D:5

Altars:
Ashenzari
Cheibriados
Dithmenos
Fedhas
Gozag
Hepliaklqana
Kikubaaqudgha
Nemelex Xobeh
Okawaru
Qazlal
Trog
Uskayaw
Wu Jian
Xom
Yredelemnul

Shops:
D:4 *

Annotations:
D:4 3 runed translucent doors, bande's ghost, amateur GrFi


Innate Abilities, Weirdness & Mutations

You are partially covered in rugged brown scales. (AC +1, +3% HP)
You sometimes gain a little power by taking damage.
You regenerate magic rapidly.


Message History

You barely miss the wight.
The wight is moderately damaged.
The wight hits you but does no damage.
You slash the wight!
You destroy the wight!
Qazlal accepts your kill.
Your life force feels restored.
You have reached level 8!
You feel agile. 2 wights come into view.
A wight is wielding a +4 dire flail of freezing.
The wight moves out of view.
Things that are here:
a +2 morningstar; a +0 robe Unknown command.
Unknown command.
Unknown command.
You closely miss the wight.
You closely miss the wight. x2; The wight misses you.
The wight hits you with a +4 dire flail of freezing.
The wight freezes you.
You slash the wight!
The wight is severely damaged.
You hit the wight. The wight closely misses you.
The wight hits you with a +4 dire flail of freezing!
You focus on the pain.
You feel agile all of a sudden.
You feel drained. The wight freezes you. The wight hits you with a +2 dagger.
You feel drained.
The wight hits you with a +4 dire flail of freezing!
* * * LOW HITPOINT WARNING * * *
The wight freezes you.
* * * LOW HITPOINT WARNING * * *
It was a potion of might.
You feel mightier all of a sudden. The wight misses you.
The wight hits you with a +2 dagger.
* * * LOW HITPOINT WARNING * * *
It was a potion of magic.
Magic courses through your body.
The wight hits you with a +4 dire flail of freezing!
You die...

..........##)##.# ###.
..........#.....# .....
......<..#..##..###...#
........##.####).#....#
........#..# #....#
#####.....######...# .
....#........†#.#
#####.##.....##..#..# .
#. #... ##@# ... #..
#zz#.... #.......#
.......z. ###......
...... #.^... .....


You could see 2 wights.

Vanquished Creatures
  2 centaurs (D:6)
  4 necrophages
  3 wights (D:6)
  A howler monkey (D:5)
  An electric eel (D:6)
  An orc priest (D:4)
  Jessica (D:2)
  An iguana (D:4)
  An orc wizard (D:3)
  Terence (D:2)
  4 gnolls (D:2)
  12 adders
  A white imp (D:6)
  2 worms
  3 dart slugs
  17 orcs
  9 ball pythons
  8 endoplasms
  3 giant cockroaches
  7 goblins
  10 hobgoblins
  4 jackals (D:5)
  2 quokkas (D:3)
  6 bats
  7 frilled lizards
  9 kobolds
  7 rats
127 creatures vanquished.

Notes
Turn   | Place    | Note
-------+----------+-------------------------------------------
     0 | D:1      | porpoise the Demonspawn Gladiator began the quest for the
                  | Orb.
     0 | D:1      | Reached XP level 1. HP: 16/16 MP: 1/1
    35 | D:1      | Reached skill level 3 in Axes
    38 | D:1      | Gained mutation: You are partially covered in rugged brown
                  | scales. (AC +1, +3% HP) [demonic ancestry]
    38 | D:1      | Reached XP level 2. HP: 8/22 MP: 2/2
   544 | D:1      | You fall into a shaft and drop 1 floor!
   544 | D:2      | Found an iron altar of Okawaru.
   552 | D:2      | Gained mutation: You sometimes gain a little power by
                  | taking damage. [demonic ancestry]
   552 | D:2      | Reached XP level 3. HP: 27/28 MP: 3/3
  1311 | D:2      | Reached skill level 4 in Axes
  1319 | D:2      | Noticed Terence
  1370 | D:2      | Killed Terence
  1371 | D:2      | Reached XP level 4. HP: 14/36 MP: 4/4
  1774 | D:2      | Noticed Jessica
  1779 | D:2      | Killed Jessica
  1780 | D:2      | Reached XP level 5. HP: 29/42 MP: 5/5
  2626 | D:3      | Reached skill level 5 in Axes
  2794 | D:3      | Identified the +9 sling of Gozag's Regard {freeze, Int+2}
  3147 | D:4      | Found a runed translucent gate.
  3188 | D:4      | Found a runed translucent gate.
  3188 | D:4      | Found an opulent altar of Gozag.
  3189 | D:4      | Found a runed translucent gate.
  3190 | D:4      | Noticed bande's ghost (amateur GrFi)
  3204 | D:4      | Reached XP level 6. HP: 49/49 MP: 6/6
  3552 | D:4      | Found Vacsang's Assorted Antiques.
  3561 | D:4      | Bought a blue potion for 23 gold pieces
  3561 | D:4      | Bought an inky potion for 23 gold pieces
  3561 | D:4      | Bought a white potion for 23 gold pieces
  3561 | D:4      | Bought a scroll labelled HEFATO ELOUWA for 26 gold pieces
  3717 | D:4      | Bought a brass ring for 130 gold pieces
  3757 | D:5      | Entered Level 5 of the Dungeon
  3976 | D:5      | Found a broken altar of Ashenzari.
  4066 | D:5      | Reached skill level 6 in Axes
  4066 | D:5      | Gained mutation: You regenerate magic rapidly. [demonic
                  | ancestry]
  4066 | D:5      | Reached XP level 7. HP: 41/56 MP: 7/7
  4187 | D:5      | Found a staircase to the Ecumenical Temple.
  4200 | Temple   | Entered the Ecumenical Temple
  4786 | D:6      | Found an opulent altar of Gozag.
  4913 | D:6      | Reached skill level 5 in Fighting
  4973 | D:6      | Reached skill level 7 in Axes
  4973 | D:6      | Reached skill level 1 in Armour
  5196 | D:6      | Found a stormy altar of Qazlal.
  5206 | D:6      | Became a worshipper of Qazlal Stormbringer
  5474 | D:6      | Reached XP level 8. HP: 51/63 MP: 8/8
  5485 | D:6      | Slain by a wight

Illustrated notes

Levels and vault maps discovered:
D:1:      eino_arrival_cavern_a, layout_basic, chequers_serial_rivers_micro_d,
          eino_curves_04
D:2:      minmay_skewed_foursquare, layout_loops_ring, basic_altar,
          minmay_misc_feat_plants, uniq_jessica, uniq_terence
D:3:      minmay_wonky_spiral, layout_basic
D:4:      layout_cave_pools, serial_shops, nicolae_shop_hallway_plus,
          ebering_ghost_gozag
D:5:      layout_basic, mainiacjoe_overflow_brackets,
          minmay_temple_entry_sparse_star
D:6:      layout_layer_cave, mainiacjoe_overflow_catch_the_wave,
          grunt_gozag_breadcrumbs
Temple:   nicolae_temple_ecumenical_triangle

Skill      XL: |  1  2  3  4  5  6  7 |
---------------+----------------------+-----
Axes           | 3 4 5 6 7 |  7.2
Fighting       | 3 4 5 |  5.0
Armour         | 2 |  2.9
Dodging        | 3 |  3.5
Throwing       | |  1.7

Action                   |  1- 3 |  4- 6 |  7- 9 || total
-------------------------+-------+-------+-------++-------
Melee: War axe           |    93 |   149 |    71 ||   313
       Punch             |     2 |     2 |     2 ||     6
 Fire: Sling             |       |    56 |    10 ||    66
Throw: Throwing net      |     3 |       |       ||     3
  Use: Scroll            |       |     5 |       ||     5
       Potion            |       |       |     2 ||     2
Armor: Leather armour    |    30 |       |       ||    30
       Scale mail        |       |    90 |    44 ||   134
Dodge: Dodged            |    48 |   113 |    46 ||   207

Table legend: (Time is in decaauts)
 A = Elapsed time spent in this place.
 B = Non-inter-level travel time spent in this place.
 C = Inter-level travel time spent in this place.
 D = Time resting spent in this place.
 E = Time spent auto-exploring this place.
 F = Levels seen in this place.
 G = Mean time per level.
                   A        B        C        D        E       F      G
               +--------+--------+--------+--------+--------+-----+--------+
         Total |   5596 |   5333 |    263 |   1049 |   3249 |   7 |  799.4 |
       Dungeon |   5549 |   5296 |    253 |   1049 |   3219 |   6 |  924.8 |
        Temple |     46 |     36 |     10 |      0 |     30 |   1 |   46.0 |
               +--------+--------+--------+--------+--------+-----+--------+

Top non-repeatable levels by time:
     D:2: 1270 daAuts
     D:1: 978 daAuts
     D:3: 963 daAuts
     D:6: 942 daAuts
     D:5: 765 daAuts
     D:4: 629 daAuts
  Temple: 46 daAuts
